 Dungeon Sprint DCSS version 0.24-a0-250-g6074511092 (webtiles) character file.

Game seed: 4590992007653067485

1693 Redear the Nimble (level 9, -42/62 HPs)
             Began as a Tengu Skald on Apr 15, 2019.
             Was the Champion of Makhleb.
             Killed from afar by Vuchiggo the pandemonium lord (83 damage)
             ... with a poison arrow
             ... in the Dungeon (Sprint V: "Ziggurat Sprint").
             The game lasted 00:05:04 (233 turns).

Redear the Nimble (Tengu Skald)                      Turns: 233, Time: 00:05:04

Health: -42/62     AC: 29    Str: 13      XL:     9   Next: 2%
Magic:  0/13       EV:  1    Int: 14 (15) God:    Makhleb [******]
Gold:   0          SH: 27    Dex: 14      Spells: 11/12 levels left

rFire    . . .     SeeInvis +   w - +14 obsidian axe {chop, +Fly SInv *Curse} (curse)
rCold    . . .     Gourm    .   y - +18 shield of the Gong {rElec rN+ MR+ EV-5}
rNeg     + . .     Faith    .   x - +15 Maxwell's patent armour {-Cast -Tele rElec MR+ rCorr}
rPois    .         Spirit   +   (helmet restricted)
rElec    +         Reflect  .   (no cloak)
rCorr    +         Harm     .   (no gloves)
MR       ++...     NoTele   +   (boots unavailable) Stlth ..........NoCast +
                                G - amulet of guardian spirit {Spirit}
HPRegen  0.20/turn              (no ring)
MPRegen  0.13/turn              (no ring)

@: lethally poisoned (-42 -> -62)
A: beak, talons 3, able to fly
a: Fly, Minor Destruction, Lesser Servant of Makhleb, Major Destruction, Greater
Servant of Makhleb, Renounce Religion, Evoke Flight


You were in the Dungeon.
You worshipped Makhleb.
Makhleb was exalted by your worship.
You were not hungry.

You visited 1 branch

Inventory:

Hand Weapons
 a - a +0 hand axe
 w - the cursed +14 obsidian axe (weapon) {chop, +Fly SInv *Curse}
   (You found it in the Dungeon)

   It inflicts extra damage upon your enemies.
   It lets you see invisible.
   It lets you fly.
   It curses itself when equipped.
   It has a curse placed upon it.
Armour
 b - a +1 cloak of invisibility
 x - the +15 Maxwell's patent armour (worn) {-Cast -Tele rElec MR+ rCorr}
   (You found it in the Dungeon)

   It insulates you from electricity.
   It affects your resistance to hostile enchantments.
   It prevents spellcasting.
   It prevents most forms of teleportation.
   It provides partial protection from all sources of acid and corrosion.
 y - the +18 shield of the Gong (worn) {rElec rN+ MR+ EV-5}
   (You found it in the Dungeon)

   It affects your evasion (-5).
   It insulates you from electricity.
   It protects you from negative energy.
   It affects your resistance to hostile enchantments.
 F - the +0 shield of Uskayaw's Outrage {rC+ Str+4 Int+3 Dex+2}
   (You found it in the Dungeon)

   It affects your strength (+4).
   It affects your intelligence (+3).
   It affects your dexterity (+2).
   It protects you from cold.
Jewellery
 c - an uncursed ring of protection from cold {rC+}
 q - a +6 ring of dexterity
 r - a +6 ring of dexterity
 s - a +6 ring of intelligence
 t - a +6 ring of intelligence
 u - a +6 ring of strength
 v - a +6 ring of strength
 E - a +2 ring of protection
 G - an amulet of guardian spirit (around neck) {Spirit}
Wands
 p - a wand of disintegration (7)
 A - a wand of acid (7)
 I - a wand of iceblast (7)
Scrolls
 l - 4 scrolls of amnesia
 m - 7 scrolls of fog
 n - a scroll of holy word
 o - 2 scrolls of fear
 B - 4 scrolls of blinking {@r4}
 D - a scroll of brand weapon
 N - 5 scrolls of remove curse
 R - 5 scrolls of identify
Potions
 d - 2 potions of invisibility
 e - 4 potions of resistance {rF+ rC+ rPois rElec rCorr}
 f - 10 potions of heal wounds {@q1}
 g - a potion of experience
 h - 7 potions of magic
 i - 3 potions of berserk rage
 j - 5 potions of agility {Stlth+ Dex+5 EV+5 | @q4}
 k - 5 potions of might {Str+5 DMG+1d10 | @q3}
 C - 2 potions of brilliance {Archmagi Int+5 Wiz++}
 H - 6 potions of haste {@q5}
 Q - 10 potions of curing {@q2}
Comestibles
 z - 7 rations


   Skills:
 + Level 9.7 Fighting
 + Level 10.5 Axes
 + Level 10.4 Armour
 + Level 10.5 Dodging
 + Level 5.2 Shields
 - Level 2.0 Spellcasting
 - Level 2.4 Charms


You had 11 spell levels left.
You knew the following spells:

 Your Spells              Type           Power        Failure   Level  Hunger
a - Infusion              Chrm           #...         100%        1    ##.....

Your spell library contained the following spells:

 Spells                   Type           Power        Failure   Level  Hunger
 Shroud of Golubria       Chrm/Tloc      #.........   100%        2    ###....
 Song of Slaying          Chrm           #.......     100%        2    ###....
 Regeneration             Chrm/Necr      #.........   100%        3    ####...
 Spectral Weapon          Hex/Chrm       #.......     100%        3    ####...


Dungeon Overview and Level Annotations

Branches:
Dungeon (1/1)

Altars:
Ashenzari
Cheibriados
Dithmenos
Elyvilon
Fedhas
Gozag
Hepliaklqana
Kikubaaqudgha
Makhleb
Nemelex Xobeh
Okawaru
Qazlal
Ru
Sif Muna
Trog
Uskayaw
Vehumet
Wu Jian
Xom
Yredelemnul
Zin
The Shining One
Beogh
Jiyva
Lugonu

Annotations:
D 1 transporter


Innate Abilities, Weirdness & Mutations

You have a beak for a mouth.
You have claws for feet.
You can fly continuously.


Message History

Makhleb accepts your kill.
An eldritch tentacle comes into view.
You completely miss Vuchiggo. Your kick misses Vuchiggo.
Vuchiggo is lightly wounded.
Your Maxwell's patent armour prevents you from hitting the neqoxec.
You closely miss the ufetubus.
Visions of slaying the ufetubus flood into your mind.
The ufetubus hits your hellwing but does no damage.
The ufetubus closely misses your hellwing.
The ufetubus hits you but does no damage.
You block the ufetubus's attack.
GONNNNG!
The ynoxinul hits your hellwing.
Your hellwing hits the ynoxinul!
The ynoxinul dies!
You are no longer entranced.
Vuchiggo gestures at you. The poison arrow hits you!!!!
You are poisoned.
Ouch! That really hurt!
You die...

▓...©...▓
▓▓▓▓▓▓▓▓▓
▓..8©8..▓
▓..))}..▓
▓...[)..▓
▓.....§§▓
▓...)...▓
▓..3&§..▓
▓§.3@4§.▓
▓.w.3..§▓
▓.§.©...▓
▓▓▓▓▓▓▓▓▓


You could see Vuchiggo, an eldritch tentacle, a neqoxec, 2 friendly soul eaters
and a friendly hellwing.

Vanquished Creatures
  An ice devil (D)
  A hellwing (D)
  A slime creature (D)
  A floating eye (D)
  A hell hound (D)
  An eye of draining (D)
  3 crimson imps (D)
  A jelly (D)
  2 quasits (D)
  An iron imp (D)
  An iguana (D)
  A river rat (D)
  2 bat skeletons (D)
  A giant cockroach zombie (D)
18 creatures vanquished.

Vanquished Creatures (collateral kills)
  A spiny frog (D)
  An ice devil (D)
  2 yaks (D)
  A water moccasin (D)
  A crimson imp (D)
  A quasit (D)
  2 iron imps (D)
  A white imp (D)
  An ufetubus (D)
11 creatures vanquished.

Grand Total: 29 creatures vanquished

Notes
Turn   | Place    | Note
-------+----------+-------------------------------------------
     0 | D        | Found the +6 Majin-Bo {vamp, Archmagi MP+6 Int+6}
     0 | D        | Found the +7 great mace "Firestarter" {inner flame, rF++}
     0 | D        | Redear the Tengu Skald began the quest for the Orb.
     0 | D        | Reached XP level 1. HP: 12/12 MP: 4/4
     0 | D        | Found a deep blue altar of Sif Muna.
     0 | D        | Found a sacrificial altar of Ru.
     0 | D        | Found a bloodstained altar of Trog.
     0 | D        | Found a stormy altar of Qazlal.
     0 | D        | Found an iron altar of Okawaru.
     0 | D        | Found a sparkling altar of Nemelex Xobeh.
     0 | D        | Found a blossoming altar of Fedhas.
     2 | D        | Found a transporter.
     2 | D        | Found an ancient bone altar of Kikubaaqudgha.
     2 | D        | Found a viscous altar of Jiyva.
     2 | D        | Found a corrupted altar of Lugonu.
     2 | D        | Found a hazy altar of Hepliaklqana.
     2 | D        | Found a burning altar of Makhleb.
     2 | D        | Found an opulent altar of Gozag.
    17 | D        | Found the +9 heavy crossbow "Sniper" {velocity, Acc+∞ SInv}
    17 | D        | Found the +10 dark maul {crush}
    17 | D        | Found the +15 Maxwell's patent armour {-Cast -Tele rElec
                  | MR+ rCorr}
    17 | D        | Found the +18 shield of the Gong {rElec rN+ MR+ EV-5}
    17 | D        | Found the cursed +14 obsidian axe {chop, +Fly SInv *Curse}
    64 | D        | Found the +6 shillelagh "Devastator" {shatter}
    64 | D        | Found the +11 plutonium sword {*Contam Stlth-}
    64 | D        | Found the +8 lance "Wyrmbane" {slay drac, rPois rF+ rC+
                  | AC+3}
    64 | D        | Found the +9 sword of Zonguldrok {reap}
    64 | D        | Found the cursed +13 scythe of Curses {drain, *Curse}
    64 | D        | Found the +0 sword of Power
    64 | D        | Found the +7 mace of Variability {chain chaos}
    64 | D        | Found the +7 Singing Sword {slice, sonic wave}
    64 | D        | Found the +7 longbow "Piercer" {penet, EV-2}
    70 | D        | Became a worshipper of Makhleb the Destroyer
   103 | D        | Entered arena 2.
   103 | D        | Noticed an iron imp
   103 | D        | Noticed a crimson imp
   103 | D        | Found a transporter.
   105 | D        | Killed a crimson imp
   105 | D        | Reached skill level 3 in Fighting
   105 | D        | Reached skill level 4 in Axes
   105 | D        | Reached skill level 3 in Armour
   105 | D        | Reached skill level 4 in Dodging
   105 | D        | Reached XP level 2. HP: 19/19 MP: 6/6
   105 | D        | Reached XP level 3. HP: 23/23 MP: 7/7
   110 | D        | Reached skill level 4 in Fighting
   110 | D        | Reached skill level 4 in Armour
   110 | D        | Reached XP level 4. HP: 29/29 MP: 8/8
   118 | D        | Entered arena 3.
   118 | D        | Found a transporter.
   121 | D        | Reached * piety under Makhleb
   131 | D        | Entered arena 4.
   131 | D        | Noticed an eye of draining
   131 | D        | Noticed a slime creature
   131 | D        | Noticed a floating eye
   131 | D        | Found a transporter.
   133 | D        | Killed a floating eye
   133 | D        | Reached ** piety under Makhleb
   133 | D        | Reached skill level 5 in Fighting
   133 | D        | Reached skill level 6 in Axes
   133 | D        | Reached skill level 5 in Armour
   133 | D        | Reached skill level 6 in Dodging
   133 | D        | Gained mutation: You can fly continuously. [Tengu growth]
   133 | D        | Reached XP level 5. HP: 36/36 MP: 9/9
   136 | D        | Reached skill level 6 in Fighting
   136 | D        | Reached skill level 6 in Armour
   138 | D        | Killed a slime creature
   138 | D        | Reached skill level 7 in Fighting
   138 | D        | Reached skill level 7 in Axes
   138 | D        | Reached skill level 7 in Armour
   138 | D        | Reached skill level 8 in Dodging
   138 | D        | Reached XP level 6. HP: 40/44 MP: 10/10
   138 | D        | Killed an eye of draining
   138 | D        | Reached *** piety under Makhleb
   138 | D        | Reached skill level 8 in Axes
   138 | D        | Reached skill level 8 in Armour
   138 | D        | Reached XP level 7. HP: 48/48 MP: 11/11
   152 | D        | Entered arena 5.
   152 | D        | Found a transporter.
   160 | D        | Reached **** piety under Makhleb
   160 | D        | Reached skill level 8 in Fighting
   177 | D        | Entered arena 6.
   177 | D        | Found a transporter.
   181 | D        | Reached skill level 9 in Axes
   181 | D        | Reached skill level 9 in Dodging
   181 | D        | Reached skill level 1 in Shields
   181 | D        | Reached ***** piety under Makhleb
   194 | D        | Got the +0 shield of Uskayaw's Outrage {rC+ Str+4 Int+3
                  | Dex+2}
   202 | D        | Entered arena 7.
   202 | D        | Noticed a spiny frog
   202 | D        | Noticed a yak
   202 | D        | Noticed a yak
   203 | D        | Found the +7 captain's cutlass {speed, disarm}
   203 | D        | Found a transporter.
   206 | D        | Reached skill level 9 in Armour
   206 | D        | Reached skill level 2 in Shields
   208 | D        | Killed a spiny frog
   208 | D        | Reached skill level 3 in Shields
   208 | D        | Reached XP level 8. HP: 55/55 MP: 1/12
   209 | D        | Killed a yak
   209 | D        | Killed a yak
   209 | D        | Reached ****** piety under Makhleb
   209 | D        | Reached skill level 9 in Fighting
   218 | D        | Entered arena 8.
   218 | D        | Noticed Vuchiggo the pandemonium lord
   218 | D        | Noticed an ice devil
   218 | D        | Noticed an ice devil
   218 | D        | Noticed a hellwing
   219 | D        | Found the +7 lajatang of Order {silver, rMut}
   219 | D        | Identified the +8 morningstar "Testudineslayer" {crush,
                  | rElec Str+4}
   219 | D        | Found a transporter.
   221 | D        | Noticed a ynoxinul
   221 | D        | Noticed a ynoxinul
   222 | D        | Noticed a smoke demon
   225 | D        | Killed a hellwing
   225 | D        | Reached skill level 10 in Axes
   225 | D        | Reached skill level 10 in Dodging
   225 | D        | Reached skill level 4 in Shields
   229 | D        | Killed an ice devil
   229 | D        | Reached skill level 10 in Armour
   230 | D        | Killed an ice devil
   230 | D        | Reached skill level 5 in Shields
   230 | D        | Reached XP level 9. HP: 62/62 MP: 3/13
   233 | D        | Killed from afar by Vuchiggo the pandemonium lord

Levels and vault maps discovered:
D:        sprint_v [room_start, room_1, room_2, room_3, room_4, room_5, room_6,
          room_7, room_8, room_9, room_10, room_11, room_12, room_13, room_14,
          room_15, room_16, room_17, room_18, room_19, room_20, room_21,
          room_22, room_23, room_24, room_25, room_26, room_27]

Skill      XL: |  1  2  3  4  5  6  7  8 |
---------------+-------------------------+-----
Fighting       | 3 4 5 7 8 9 |  9.7
Axes           | 4 6 7 8 9 10 | 10.5
Armour         | 3 4 5 7 8 9 10 | 10.4
Dodging        | 4 6 8 9 10 | 10.5
Shields        | 3 5 |  5.2
Spellcasting   | |  2.0
Charms         | |  2.4

Action                   |  1- 3 |  4- 6 |  7- 9 || total
-------------------------+-------+-------+-------++-------
Melee: Broad axe         |     6 |     8 |    27 ||    41
       Kick              |     3 |     2 |     5 ||    10
       Peck              |       |     1 |     3 ||     4
 Stab: Distracted        |       |       |     1 ||     1
Armor: Plate armour      |     1 |     8 |    32 ||    41
Dodge: Dodged            |       |       |     1 ||     1
Block: Shield            |     4 |     7 |    59 ||    70

Table legend:
 A = Non-vault XP
 B = Vault XP
 C = Vault XP percentage of total XP
 D = Non-vault monster count
 E = Vault monster count
 F = Vault count percentage of total count
                 A         B        C        D         E       F
            +---------+---------+-------+---------+---------+-------
      Total |       0 |    2419 | 100.0 |       0 |      29 | 100.0
            +---------+---------+-------+---------+---------+-------
          D |       0 |    2419 | 100.0 |       0 |      29 | 100.0
            +---------+---------+-------+---------+---------+-------
